 Dungeon Crawl Stone Soup version 0.26.1-2-gb8aa6d0cf2 (webtiles) character file.

Game seed: 1779934220885925002

47 nightchill the Stinger (level 3, 3/26 HPs)
             Began as a Merfolk Venom Mage on Mar 15, 2021.
             Quit the game on level 2 of the Dungeon.
             The game lasted 00:03:15 (1374 turns).

nightchill the Stinger (Merfolk Venom Mage)         Turns: 1374, Time: 00:03:15

Health: 3/26       AC:  5    Str:  9    XL:     3   Next: 70%
Magic:  6/6        EV: 13    Int: 14    God:
Gold:   56         SH:  0    Dex: 14    Spells: 3/6 levels left

rFire    . . .     SeeInvis .   (no weapon)
rCold    . . .     Faith    .   (no shield)
rNeg     . . .     Spirit   .   a - +0 robe
rPois    .         Reflect  .   b - +2 helmet
rElec    .         Harm     .   (no cloak)
rCorr    .         Rampage  .   (no gloves)
Will     .....                  (no boots)
Stlth    ++........             (no amulet)
HPRegen  0.08/turn              (no ring)
MPRegen  0.10/turn              (no ring)

@: no status effects
A: change form in water, swift swim, stealthy swim
a: no special abilities


You were on level 2 of the Dungeon.
You visited 1 branch of the dungeon, and saw 2 of its levels.

You collected 56 gold pieces.

Inventory:

Missiles
 d - 4 silver boomerangs
Armour
 a - a +0 robe (worn)
 b - a +2 helmet (worn)
Jewellery
 f - an uncursed ring of poison resistance {unknown}
Scrolls
 e - a scroll of remove curse {unknown}
 g - 2 scrolls of identify {unknown}
 h - 2 scrolls of teleportation {unknown}
 i - a scroll of immolation {unknown}
Potions
 c - 2 potions of ambrosia {unknown}
 j - a potion of curing {unknown}
 k - a potion of mutation {unknown}


   Skills:
 + Level 1.1 Fighting
 - Level 2.6 Dodging
 - Level 2.1 Stealth
 + Level 2.3 Spellcasting
 * Level 3.0 Transmutations
 * Level 3.9 Poison Magic


You had 3 spell levels left.
You knew the following spells:

 Your Spells              Type           Power        Failure   Level
a - Sting                 Tmut/Pois      44%          5%          1
b - Poisonous Vapours     Pois/Air       14%          16%         2

Your spell library contained the following spells:

 Spells                   Type           Power        Failure   Level
 Ignite Poison            Fire/Tmut/Pois 8%           26%         3
 Mephitic Cloud           Conj/Pois/Air  5%           38%         3
 Olgreb's Toxic Radiance  Pois           12%          41%         4


Dungeon Overview and Level Annotations

Branches:
Dungeon (2/15)

Altars:
The Shining One


Message History

You miss something. Something hits you but does no damage.
You miss something. Something hits you but does no damage.
You hit something but do no damage. Something barely misses you.
You hit something. Something hits you but does no damage.
You hit something but do no damage. Something hits you but does no damage.
You miss something. Something hits you but does no damage.
You barely miss something. You completely miss something. Something hits you!
You closely miss something. Something hits you but does no damage.
You hit something but do no damage. Something hits you.
* * * LOW HITPOINT WARNING * * *
You closely miss something. Something hits you but does no damage.
You miss something. Something barely misses you.
You closely miss something. Something hits you!
* * * LOW HITPOINT WARNING * * *
You closely miss something. Something hits you but does no damage.
You completely miss something. Something hits you but does no damage.
You closely miss something. Something hits you.
* * * LOW HITPOINT WARNING * * *
Are you sure you want to abandon this character and quit the game? (Confirm with "yes".)

##.###..........#
##.###..........#### #.#
..........(......... ..#
...#####.##.)...#####..#
########.##.....# ....#
......##.##.....#
....###
#####.##.#......#
.......
#.##........###.......
#.#.........@{........
##
#.##........###...#..#
.# #.##...###### ...# .#
#.##... ..... .# #.# ..
##..... .# #.# .....
.####.# .... ......#
..(. #######


There were no monsters in sight!

Vanquished Creatures
  2 adders (D:2)
  A worm (D:2)
  2 dart slugs (D:1)
  A giant cockroach (D:1)
  6 goblins
  2 hobgoblins (D:1)
  3 frilled lizards
  3 kobolds (D:1)
  3 rats
23 creatures vanquished.

Notes
Turn   | Place    | Note
-------+----------+-------------------------------------------
     0 | D:1      | nightchill the Merfolk Venom Mage began the quest for the
                  | Orb.
     0 | D:1      | Reached XP level 1. HP: 13/13 MP: 3/3
   252 | D:1      | Reached XP level 2. HP: 20/20 MP: 1/5
   654 | D:1      | Found a glowing golden altar of the Shining One.
   794 | D:2      | Reached XP level 3. HP: 24/25 MP: 0/6
   966 | D:2      | Learned a level 2 spell: Poisonous Vapours
  1035 | D:2      | Reached skill level 1 in Fighting
  1374 | D:2      | Quit the game

Illustrated notes

Levels and vault maps discovered:
D:1:      nagdon_arrival_zigzag_paths, layout_basic, tso_altar
D:2:      layout_basic

Skill      XL: |  1  2  3 |
---------------+----------+-----
Transmutations | 2 3 |  3.0
Fighting       | 1 |  1.1
Dodging        | |  2.6
Stealth        | |  2.1
Spellcasting   | |  2.3
Poison Magic   | |  3.9

Action                   || total
-------------------------++-------
Melee: Unarmed           ||    41
 Cast: Sting             ||    47
Armor: Robe              ||    12
Dodge: Dodged            ||    24
